 Dungeon Crawl Stone Soup version 0.28.0-1-gb440e238dd (webtiles) character file.

Game seed: 13849839119126215001

13 mcwallace the Stinger (level 2, 0/20 HPs)
             Began as a Demonspawn Venom Mage on Feb 21, 2022.
             Slain by a jackal (1 damage)
             ... on level 1 of the Dungeon.
             The game lasted 00:01:34 (702 turns).

mcwallace the Stinger (Demonspawn Venom Mage)        Turns: 702, Time: 00:01:34

Health: 0/20       AC:  2    Str:  8    XL:     2   Next: 24%
Magic:  0/5        EV: 14    Int: 16    God:
Gold:   37         SH:  0    Dex: 13    Spells: 4/5 levels left

rFire   . . .      SeeInvis .   b - +0 dagger {short}
rCold   . . .      Faith    .   (no shield)
rNeg    . . .      Spirit   .   a - +0 robe
rPois   .          Reflect  .   (no helmet)
rElec   .          Harm     .   (no cloak)
rCorr   .          Rampage  .   (no gloves)
Will    .....                   (no boots)
Stlth   ++........              (no amulet)
HPRegen 0.06/turn               (no ring)
MPRegen 0.09/turn               (no ring)

@: no status effects
A: repulsion field 1
a: no special abilities


You were on level 1 of the Dungeon.
You visited 1 branch of the dungeon, and saw 1 of its levels.

You collected 37 gold pieces.


Innate Abilities, Weirdness & Mutations

You are surrounded by a mild repulsion field. (EV +2)


   Skills:
 + Level 0.5 Fighting
 + Level 2.0 Dodging
 + Level 2.0 Stealth
 + Level 2.1 Spellcasting
 + Level 1.1 Transmutations
 + Level 3.1 Poison Magic


You had 4 spell levels left.
You knew the following spells:

 Your Spells              Type           Power      Damage    Failure   Level
a - Sting                 Tmut/Pois      32%        1d4       9%          1

Your spell library contained the following spells:

 Spells                   Type           Power      Damage    Failure   Level
 Poisonous Vapours        Pois/Air       12%        N/A       17%         2
 Mephitic Cloud           Conj/Pois/Air  4%         N/A       38%         3
 Olgreb's Toxic Radiance  Pois           11%        N/A       50%         4

Inventory:

Hand Weapons
 b - a +0 dagger (weapon) {short}
   (You took it off a goblin on level 1 of the Dungeon)
Missiles
 f - 22 sling bullets
Armour
 a - a +0 robe (worn)
Scrolls
 d - a scroll of identify {unknown}
 e - a scroll of fog {unknown}
Potions
 c - a potion of flight {unknown}
 g - a potion of curing {unknown}

Dungeon Overview and Level Annotations

Branches:
Dungeon (1/15)

Altars:

##.########...####........
##...### #...............
####...#####.#.............#
≈#####...........##........##
P≈# #####...###............#
≈## #...# ##...>.......# ≈#
#...# #...........# P≈#
##...####...........# ≈####
##.._..##@h..........#
##..####...≈...##.#........#
#....##...###...####.......#
####.#...## ##...#.##†.....#
#....## ##....##......#
#....# ####............#
#########...†...........##
#.†....#####..†..)....#####
#...###### #..............#


You could see a jackal.


Message History

The jackal barely misses you. 😨 HP[-1]
You take 1 damage, and now have 10/20 hp.
You closely miss the jackal. The jackal misses you.
You closely miss the jackal.
You kill the quokka!
The jackal bites you.
* * * LOW HITPOINT WARNING * * *
Your Dodging skill increases to level 2! 😨 HP[-2]
You take 2 damage, and now have 8/20 hp.
Casting: Sting (safe; 9% risk of failure)
Confirm with . or Enter, or press ? or * to list all spells.
Aiming: Sting (safe; 9% risk of failure)
Press: ? - help, Shift-Dir - straight line, f - quokka
Aim: a quokka (56% to hit)
You miscast Sting.
You are very lightly contaminated with residual magic.
Nothing appears to happen.
The jackal completely misses you. The jackal bites you.
* * * LOW HITPOINT WARNING * * *
The quokka twitches its whiskers. 😨 HP[-1] MP[-1]
You take 1 damage, and now have 7/20 hp.
You lost 1 mp, and now have 1/5 mp.
Casting: Sting (safe; 9% risk of failure)
Confirm with . or Enter, or press ? or * to list all spells.
Aiming: Sting (safe; 9% risk of failure)
Press: ? - help, Shift-Dir - straight line, f/p - quokka
Aim: a quokka (56% to hit)
The sting misses the jackal.
The sting hits the jackal but does no damage.
The jackal is poisoned.
The jackal barely misses you. 😨 MP[-1]
You lost 1 mp, and now have 0/5 mp.
The jackal misses you. 😨 HP[+1]
The jackal bites you.
* * * LOW HITPOINT WARNING * * *
😱 HP[-3] MP[+1]
You take 3 damage, and now have 5/20 hp.
You closely miss the jackal. The jackal barely misses you.
You closely miss the jackal. The jackal bites you.
* * * LOW HITPOINT WARNING * * *
Your magical contamination has completely faded away. 😱 HP[-1]
You take 1 damage, and now have 4/20 hp.
You closely miss the jackal. The jackal barely misses you.
The jackal bites you.
* * * LOW HITPOINT WARNING * * *
😱 HP[-1]
You take 1 damage, and now have 3/20 hp.
Casting: Sting (safe; 9% risk of failure)
Confirm with . or Enter, or press ? or * to list all spells.
Aiming: Sting (safe; 9% risk of failure)
Press: ? - help, Shift-Dir - straight line, f - jackal, p - quokka
Aim: a jackal (moderately wounded, poisoned, 60% to hit)
The sting misses the jackal.
The sting hits the quokka.
The quokka is poisoned.
The jackal looks more healthy.
The jackal completely misses you. 😱 MP[-1]
You lost 1 mp, and now have 0/5 mp.
You hit the jackal but do no damage. The jackal closely misses you.
The jackal bites you.
* * * LOW HITPOINT WARNING * * *
😱 HP[-1]
You take 1 damage, and now have 2/20 hp.
The jackal bites you but does no damage.
You kill the quokka!
The jackal closely misses you. 😱 MP[+1]
The jackal barely misses you. 😱 HP[+1]
Casting: Sting (safe; 9% risk of failure)
Confirm with . or Enter, or press ? or * to list all spells.
Aiming: Sting (safe; 9% risk of failure)
Press: ? - help, Shift-Dir - straight line, f/p - jackal
Aim: a jackal (moderately wounded, 60% to hit)
The sting hits the jackal.
The jackal is poisoned.
The jackal misses you. 😱 MP[-1]
You lost 1 mp, and now have 0/5 mp.
You kill the jackal!
Your Stealth skill increases to level 2!
You barely miss the jackal. The jackal barely misses you.
The jackal misses you.
You closely miss the jackal. The jackal bites you.
* * * LOW HITPOINT WARNING * * *
😱 HP[-2]
You take 2 damage, and now have 1/20 hp.
The jackal closely misses you.
You hit the jackal. Your punch misses the jackal.
The jackal bites you but does no damage. 😱 MP[+1]
Casting: Sting (safe; 9% risk of failure)
Confirm with . or Enter, or press ? or * to list all spells.
Aiming: Sting (safe; 9% risk of failure)
Press: ? - help, Shift-Dir - straight line, f/p - jackal
Aim: a jackal (almost dead, 60% to hit)
The sting misses the jackal.
The jackal completely misses you. The jackal bites you.
You die...

Skill      XL: |  1  2 |
---------------+-------+-----
Transmutations | 1 |  1.1
Dodging        | 2 |  2.0
Stealth        | 2 |  2.0
Fighting       | |  0.5
Spellcasting   | |  2.1
Poison Magic   | |  3.1

Action                   || total
-------------------------++-------
Melee: Dagger            ||    33
       Unarmed           ||     2
 Cast: Sting             ||    16
Armor: Robe              ||     7
Dodge: Dodged            ||    41

Levels and vault maps discovered:
D:1:      ldierk_walled_garden_2, layout_rooms,
          hellmonk_ecumenical_altar_crossroads

Notes
Turn   | Place    | Note
-------+----------+-------------------------------------------
     0 | D:1      | mcwallace the Demonspawn Venom Mage began the quest for the
                  | Orb.
     0 | D:1      | Reached XP level 1. HP: 13/13 MP: 3/3
     0 | D:1      | magus.rc [v1.9.6]
    47 | D:1      | Reached skill level 1 in Transmutations
   465 | D:1      | Found a faded altar of an unknown god.
   664 | D:1      | Gained mutation: You are surrounded by a mild repulsion
                  | field. (EV +2) [demonic ancestry]
   664 | D:1      | Reached XP level 2. HP: 16/20 MP: 3/5
   675 | D:1      | Reached skill level 2 in Dodging
   679 | D:1      | HP: 5/20 [jackal (3)]
   685 | D:1      | HP: 2/20 [jackal (1)]
   696 | D:1      | Reached skill level 2 in Stealth
   698 | D:1      | HP: 1/20 [jackal (2)]
   702 | D:1      | Slain by a jackal

Vanquished Creatures
  A goblin (D:1)
  2 jackals (D:1)
  4 quokkas (D:1)
  A bat (D:1)
  2 frilled lizards (D:1)
  A kobold (D:1)
  A rat (D:1)
12 creatures vanquished.

Vanquished Creatures (others)
  4 toadstools (D:1)
4 creatures vanquished.

Grand Total: 16 creatures vanquished

Table legend:
 A = Non-vault XP
 B = Vault XP
 C = Vault XP percentage of total XP
 D = Non-vault monster count
 E = Vault monster count
 F = Vault count percentage of total count
                 A         B        C        D         E       F
            +---------+---------+-------+---------+---------+-------
      Total |      19 |       0 |   0.0 |      12 |       0 |   0.0
            +---------+---------+-------+---------+---------+-------
        D:1 |      19 |       0 |   0.0 |      12 |       0 |   0.0
            +---------+---------+-------+---------+---------+-------

Illustrated notes

Table legend:
 A = Kills in this place as a percentage of kills in entire the game.
 B = Kills by you in this place as a percentage of kills by you in the entire game.
 C = Kills by friends in this place as a percentage of kills by friends in the entire game.
 D = Other kills in this place as a percentage of other kills in the entire game.
 E = Experience gained in this place as a percentage of experience gained in the entire game.
 F = Experience gained in this place divided by the number of levels of this place that you have seen.
                   A       B       C       D       E      F
               +-------+-------+-------+-------+-------+----------------------
         Total | 100.0 | 100.0 |   N/A |   N/A | 100.0 |  19.0
       Dungeon | 100.0 | 100.0 |   N/A |   N/A | 100.0 |  19.0
               +-------+-------+-------+-------+-------+----------------------

Table legend: (Time is in decaauts)
 A = Elapsed time spent in this place.
 B = Non-inter-level travel time spent in this place.
 C = Inter-level travel time spent in this place.
 D = Time resting spent in this place.
 E = Time spent auto-exploring this place.
 F = Levels seen in this place.
 G = Mean time per level.
                   A        B        C        D        E       F      G
               +--------+--------+--------+--------+--------+-----+--------+
         Total |    701 |    701 |      0 |      0 |    579 |   1 |  701.0 |
       Dungeon |    701 |    701 |      0 |      0 |    579 |   1 |  701.0 |
               +--------+--------+--------+--------+--------+-----+--------+

Top non-repeatable levels by time:
     D:1: 701 daAuts
